 Dungeon Crawl Stone Soup version 0.20-a0-350-ga83eecc (webtiles) character file.

165 Faca the Shield-Bearer (level 5, 0/42 HPs)
             Began as a Formicid Fighter on Dec 24, 2016.
             Succumbed to a big kobold's poison
             ... on level 3 of the Dungeon.
             The game lasted 00:05:18 (1359 turns).

Faca the Shield-Bearer (Formicid Fighter)           Turns: 1359, Time: 00:05:19

Health: 0/42       AC:  7    Str: 19 (21) XL:     5   Next: 74%
Magic:  5/5        EV: 11    Int: 10 (12) God:
Gold:   50         SH: 10    Dex:  9 (11) Spells: 4/4 levels left

rFire  . . .     SeeInvis +     a - +0 war axe
rCold  . . .     Gourm    .     b - +0 scale mail
rNeg   . . .     Faith    .     c - +1 shield
rPois  .         Spirit   .     (helmet unavailable)
rElec  .         Reflect  .     (no cloak)
rCorr  .         Harm     .     (no gloves)
MR     .....                    (no boots)
Stlth  ..........               (no amulet)
                                (no ring)
                                j - +3 ring of evasion

@: brilliant, lethally poisoned (0 -> -5)
A: permanent stasis, dig shafts and tunnels, four strong arms, antennae 3
a: Dig, Shaft Self


You were on level 3 of the Dungeon.
You were full.

You visited 1 branch of the dungeon, and saw 3 of its levels.

You collected 50 gold pieces.

Inventory:

Hand Weapons
 a - a +0 war axe (weapon)
Armour
 b - a +0 scale mail (worn)
 c - a +1 shield (worn)
Jewellery
 j - a +3 ring of evasion (left hand)
Potions
 d - a potion of might
 e - a potion of brilliance
 h - a potion of degeneration
Comestibles
 f - 3 bread rations
 g - a slice of pizza


   Skills:
 + Level 4.1 Fighting
 + Level 3.5 Axes
 + Level 3.8 Armour
 + Level 1.0 Dodging
 + Level 4.7 Shields


You had 4 spell levels left.
You didn't know any spells.

Dungeon Overview and Level Annotations

Branches:
Dungeon (3/15)

Altars:


Innate Abilities, Weirdness & Mutations

You cannot be hasted, slowed, berserked, paralysed or teleported.
You can dig through walls and to a lower floor.
Your four strong arms can wield two-handed weapons with a shield.
You have a pair of large antennae on your head. (SInv)


Message History

You see here a large shield.
* * * LOW HITPOINT WARNING * * *
You feel sick.
You see here 8 gold pieces.
* * * LOW HITPOINT WARNING * * *
You feel sick.
You see here 8 gold pieces.
There is a lethal amount of poison in your body!
* * * LOW HITPOINT WARNING * * *
You feel sick.
You see here 16 gold pieces.
* * * LOW HITPOINT WARNING * * *
You feel sick.
* * * LOW HITPOINT WARNING * * *
You feel sick.
Things that are here:
a dagger of venom; a big kobold corpse
* * * LOW HITPOINT WARNING * * *
You feel sick.
You die...

#######.#.###.#
#[$#...#<..#.#
#$$#.###.#.#.#
#..#.....#.#.#
##..#≈##....#.#
#.)##≈##.####.#
##.).≈≈≈#....#.#
#..##≈≈≈####.#.#
#.@#≈≈≈≈# #.#.#
#..##≈≈≈# #.#.#
##..#≈≈≈# #.#.#
#..#≈≈## #.#.#
#..#≈## #...#
#..#≈# #####
#..## ##..


There were no monsters in sight!

Vanquished Creatures
  A big kobold (D:3)
  4 adders (D:2)
  An ooze (D:1)
  A worm (D:2)
  A dart slug (D:1)
  A leopard gecko (D:1)
  4 giant cockroaches
  5 goblins
  6 hobgoblins
  2 jackals (D:2)
  9 kobolds
  A ball python (D:1)
  4 bats
  3 frilled lizards
  10 rats
53 creatures vanquished.

Notes
Turn   | Place    | Note
-------+----------+-------------------------------------------
     0 | D:1      | Faca the Formicid Fighter began the quest for the Orb.
     0 | D:1      | Reached XP level 1. HP: 18/18 MP: 1/1
   110 | D:1      | Reached XP level 2. HP: 21/24 MP: 2/2
   404 | D:1      | Reached XP level 3. HP: 21/29 MP: 3/3
   803 | D:2      | Reached XP level 4. HP: 14/37 MP: 4/4
  1333 | D:3      | Noticed a big kobold
  1341 | D:3      | Killed a big kobold
  1341 | D:3      | Reached skill level 1 in Dodging
  1341 | D:3      | Reached XP level 5. HP: 23/42 MP: 5/5
  1356 | D:3      | HP: 2/42 [poisoned by a big kobold]
  1359 | D:3      | Succumbed to a big kobold's poison

Vault maps used:
D:1:      lemuel_arrival_broad_hall
D:2:      first_bread
D:3:      cheibrodos_thug_alley

Skill      XL: |  1  2  3  4 |
---------------+-------------+-----
Shields        | 4 |  4.7
Fighting       | 4 |  4.1
Axes           | 3 |  3.5
Dodging        | 1 |  1.0
Armour         | |  3.8

Action                   |  1- 3 |  4- 6 || total
-------------------------+-------+-------++-------
Melee: War axe           |   115 |    56 ||   171
 Abil: Dig               |       |     1 ||     1
  Use: Scroll            |     4 |     2 ||     6
       Potion            |       |     2 ||     2
  Eat: Meat ration       |       |     1 ||     1
       Chunk             |       |     1 ||     1
Armor: Scale mail        |    62 |    25 ||    87
Dodge: Dodged            |    33 |    33 ||    66
Block: Shield            |    88 |    41 ||   129
